 Dungeon Crawl Stone Soup version 0.27.1-33-g824d729ab1 (webtiles) character file.

Game seed: 6029125830770162335

2000 Fractals the Covert (level 9, 0/57 HPs)
             Began as a Kobold Delver on Dec 2, 2021.
             Was a Priest of Dithmenos.
             Slain by a troll (5 damage)
             ... on level 5 of the Dungeon.
             The game lasted 00:27:00 (8186 turns).

Fractals the Covert (Kobold Delver)                 Turns: 8186, Time: 00:27:00

Health: 0/57       AC: 16    Str: 12    XL:     9   Next: 45%
Magic:  0/11       EV: 13    Int: 11    God:    Dithmenos [***...]
Gold:   116        SH:  5    Dex: 17    Spells: 8/8 levels left

rFire    + . .     SeeInvis .   y - +3 short sword (protect)
rCold    x . .     Faith    .   e - +0 buckler
rNeg     . . .     Spirit   +   v - +0 ring mail
rPois    .         Reflect  .   u - +2 hat
rElec    .         Harm     .   a - +0 cloak
rCorr    .         Rampage  .   (no gloves)
Will     .....                  (no boots)
Stlth    ++++++....             r - amulet of guardian spirit
HPRegen  0.19/turn              m - ring of fire
MPRegen  0.12/turn              (no ring)

@: under a protective aura, wreathed by umbra
A: small, no large weapons, nightstalker 3
a: Renounce Religion, Shadow Step


You were on level 5 of the Dungeon.
You worshipped Dithmenos.
Dithmenos was most pleased with you.
You visited 2 branches of the dungeon, and saw 7 of its levels.

You collected 327 gold pieces.
You spent 211 gold pieces at shops.

Inventory:

Hand Weapons
 b - a +4 flail
 y - a +3 short sword of protection (weapon)
Missiles
 p - 57 arrows
 q - 24 poisoned darts (quivered)
 t - 3 boomerangs
Armour
 a - a +0 cloak (worn)
 e - a +0 buckler (worn)
 u - a +2 hat (worn)
 v - a +0 ring mail (worn)
Jewellery
 m - a ring of fire (left hand)
 r - an amulet of guardian spirit (around neck)
Wands
 g - a wand of digging (3)
 z - a wand of flame (34)
Scrolls
 c - a scroll of fog
 i - 4 scrolls of identify
 o - a scroll of enchant weapon {unknown}
 w - 2 scrolls of enchant armour {unknown}
 x - a scroll of immolation {unknown}
Potions
 d - 2 potions of magic
 n - 2 potions of flight


   Skills:
 - Level 7.0 Fighting
 + Level 7.5 Short Blades
 - Level 5.0 Armour
 + Level 3.9 Dodging
 - Level 9.0 Stealth
 + Level 0.7 Shields
 + Level 3.0 Invocations
 - Level 2.0 Evocations


You had 8 spell levels left.
You didn't know any spells.
Your spell library contained the following spells:

 Spells                   Type           Power      Damage    Failure   Level
 Summon Forest            Summ/Tloc      0%         N/A       100%        5
 Eringya's Noxious Bog    Tmut/Pois      0%         N/A       100%        6
 Summon Hydra             Summ           0%         N/A       100%        7


Dungeon Overview and Level Annotations

Branches:
Dungeon (6/15)             Temple (1/1) D:4

Altars:
Dithmenos
Hepliaklqana
Kikubaaqudgha
Nemelex Xobeh
Okawaru
Qazlal
Ru
Uskayaw
Wu Jian
Xom
Zin
The Shining One

Shops:
D:1 *   D:6 [

Annotations:
D:4 Dowan
D:5 Grinder


Innate Abilities, Weirdness & Mutations

You are small and have problems with some larger weapons.
You are completely attuned to the shadows.


Message History

You hit the troll.
The troll is heavily wounded.
The troll bites you!
* * * LOW HITPOINT WARNING * * *
The troll barely misses you. The troll completely misses you.
You hit the troll.
The troll is heavily wounded.
You block the troll's attack.
The troll claws you but does no damage. x2
You barely miss the troll.
The troll is heavily wounded.
The troll closely misses you. The troll misses you.
The troll barely misses you.
Your shield prevents you from hitting the troll.
The troll is heavily wounded.
You barely miss the troll.
The troll is heavily wounded.
The troll completely misses you. The troll misses you.
The troll barely misses you.
You hit the troll but do no damage.
The troll is heavily wounded.
The troll bites you.
* * * LOW HITPOINT WARNING * * *
You block the troll's attack. x2
You puncture the troll!
The troll is severely wounded.
The troll closely misses you. You block the troll's attack.
The troll claws you.
* * * LOW HITPOINT WARNING * * *
You barely miss the troll.
The troll is severely wounded.
You hit the troll but do no damage.
The troll is severely wounded.
The troll bites you!
* * * LOW HITPOINT WARNING * * *
The troll misses you. You block the troll's attack.
You closely miss the troll.
The troll is severely wounded.
The troll misses you. The troll claws you but does no damage.
The troll claws you.
You die...

#............####..#
##.......>.....####..
#.........e.....# ##.
#..............## ##
#..............# ##.
#..............# ##..
#....>........## #...
#....T........# ##...
##..@........####....
#..........## #.....
#..........# ##.....
##........## #......
#.......## #......
##......# ##.....)
##....## #.......
##..## #....... ####
##.......


You could see a troll.

Vanquished Creatures
  Prince Ribbit (D:5)
  Duvessa (D:4)
  An ice beast (D:5)
  3 sky beasts
  A black bear (D:5)
  2 ogres
  A necrophage (D:4)
  A gnoll sergeant (D:6)
  A scorpion (D:5)
  A howler monkey (D:4)
  A centaur skeleton (D:5)
  A jelly (D:4)
  2 orc priests
  3 bullfrog skeletons (D:5)
  3 hounds
  An orc wizard (D:3)
  3 iguanas
  A scorpion zombie (D:5)
  A killer bee zombie (D:6)
  A hound zombie (D:5)
  2 hound skeletons
  A howler monkey zombie (D:5)
  10 gnolls
  13 adders
  A shadow imp (D:5)
  A white imp (D:5)
  3 ufetubi
  2 worms
  5 dart slugs
  12 orcs
  8 endoplasms
  A giant cockroach (D:2)
  5 goblins
  6 hobgoblins
  5 jackals
  2 quokkas
  8 ball pythons
  3 bats
  8 frilled lizards
  10 kobolds
  4 rats
140 creatures vanquished.

Notes
Turn   | Place    | Note
-------+----------+-------------------------------------------
     0 | D:5      | Fractals the Kobold Delver began the quest for the Orb.
     0 | D:5      | Reached XP level 1. HP: 14/14 MP: 1/1
   137 | D:5      | Found a hide-covered altar of Uskayaw.
   297 | D:4      | Found a staircase to the Ecumenical Temple.
   303 | Temple   | Entered the Ecumenical Temple
   314 | Temple   | Became a worshipper of Dithmenos the Shadowed
   787 | D:2      | Reached skill level 7 in Stealth
   787 | D:2      | Reached XP level 2. HP: 20/20 MP: 2/2
   834 | D:1      | Found Reir's General Store.
   863 | D:1      | Reached XP level 3. HP: 13/24 MP: 3/3
  1047 | D:1      | Bought a scroll of identify for 22 gold pieces
  1515 | D:1      | Reached XP level 4. HP: 30/30 MP: 4/4
  1778 | D:2      | Reached * piety under Dithmenos
  1779 | D:2      | Reached skill level 1 in Armour
  2371 | D:3      | Found a faded altar of an unknown god.
  2512 | D:3      | Reached XP level 5. HP: 33/34 MP: 5/5
  2712 | D:3      | Found a sacrificial altar of Ru.
  2826 | D:3      | Found a glowing silver altar of Zin.
  2923 | D:3      | Reached ** piety under Dithmenos
  2924 | D:3      | Reached skill level 5 in Fighting
  2924 | D:3      | Reached skill level 1 in Invocations
  3682 | D:4      | Reached skill level 1 in Evocations
  3919 | D:4      | Reached XP level 6. HP: 40/40 MP: 6/6
  4414 | D:4      | Reached skill level 8 in Stealth
  4430 | D:4      | Identified the +5 quarterstaff "Deujukk" {drain, rF+ rN+
                  | Will- Str+3}
  4719 | D:5      | Noticed Prince Ribbit
  4770 | D:5      | You fall into a shaft and drop 1 floor!
  4876 | D:6      | Found Koma's Antique Armour Shoppe.
  4879 | D:6      | Bought a runed hat for 189 gold pieces
  4917 | D:5      | Noticed a necrophage
  4917 | D:5      | Noticed an ogre
  5059 | D:4      | Killed a necrophage
  5060 | D:4      | Reached XP level 7. HP: 43/44 MP: 6/8
  5261 | D:5      | Reached *** piety under Dithmenos
  5564 | D:5      | Noticed Grinder
  5625 | D:5      | Reached skill level 5 in Short Blades
  5625 | D:5      | Reached XP level 8. HP: 45/52 MP: 6/9
  5646 | D:5      | Noticed a troll
  6866 | D:5      | Noticed a wyvern
  7145 | D:5      | Killed Prince Ribbit
  7146 | D:5      | Reached skill level 9 in Stealth
  7146 | D:5      | Reached XP level 9. HP: 44/57 MP: 7/10
  7486 | D:6      | Reached skill level 5 in Armour
  7673 | D:6      | Noticed Duvessa
  7679 | D:6      | Noticed Dowan
  8156 | D:4      | Killed Duvessa
  8186 | D:5      | Slain by a troll

Illustrated notes

Levels and vault maps discovered:
D:1:      amcnicky_arrival_blooded_trapdoor, layout_basic, serial_shops, shop,
          grunt_decor_fettered, minmay_pentomino_s2
D:2:      layout_rooms
D:3:      layout_basic, old_standard_altar, lemuel_round_altar,
          shapermc_ecumenical_altar_starsandcircs,
          minmay_fractal_squares_gapless_5
D:4:      layout_layer_cave, minmay_temple_entry_purple_smoke,
          grunt_decor_mini_mirrors, minmay_checkerbox
D:5:      cheibrodos_fzero, layout_cave_pods,
          nicolae_uskayaw_murder_on_the_dancefloor, uniq_grinder,
          uniq_prince_ribbit1
D:6:      layout_cave_pools, nicolae_vehumet_radiance, serial_shops,
          nicolae_shop_behind_doors, serial_gnoll_camp, gnoll_camp_mini_shop,
          gnoll_camp_mini_doghouse, gnoll_camp_mini_sergeant,
          gnoll_camp_medium_01, uniq_maggie, uniq_duvessa, uniq_edmund
Temple:   lightli_temple_of_artemis

Skill      XL: |  1  2  3  4  5  6  7  8  9 |
---------------+----------------------------+-----
Stealth        | 7 8 9 |  9.0
Fighting       | 4 5 6 7 |  7.0
Armour         | 1 2 3 4 5 |  5.0
Short Blades   | 3 4 5 6 7 |  7.5
Invocations    | 1 2 3 |  3.0
Evocations     | 1 2 |  2.0
Dodging        | 3 |  3.9
Shields        | |  0.7

Action                   |  1- 3 |  4- 6 |  7- 9 || total
-------------------------+-------+-------+-------++-------
Melee: Short sword       |    78 |   278 |   397 ||   753
       Unarmed           |       |       |     9 ||     9
Throw: Dart              |       |       |     5 ||     5
Invok: Shadow Step       |       |       |     1 ||     1
  Use: Scroll            |     2 |     5 |     3 ||    10
       Potion            |     1 |     1 |     3 ||     5
 Stab: Sleeping          |    12 |    29 |     6 ||    47
       Distracted        |       |     2 |     2 ||     4
Armor: Leather armour    |     4 |    11 |       ||    15
       Ring mail         |       |    64 |   181 ||   245
Dodge: Dodged            |    51 |   233 |   295 ||   579
Block: Buckler           |       |       |    40 ||    40
